Map: Newkirk Precinct TE (Void)

Players

megalaks - Winner!

  • Race: Zerg Zerg
  • League: Diamond
  • Spawn Location: 7:00

Musumeci

  • Race: Zerg Zerg
  • League: Diamond
  • Spawn Location: 5:00

VOD

Have the link to the VOD?

Description

Time

  • Played on: March 23, 2017, 5:18 p.m.
  • Length: 19:33
Show
View Real Time Build Order
Export as new Build Order

megalaks Zerg - Winner!

Build Orders: Pool First 

Get SALT Encoding   

  12  0:19  Spawning Pool  
  11  0:23  Drone  
  12  0:29  Drone  
  13  0:36  Drone  
  13  0:41  Overlord  
  14  1:06  Zergling x4  
  14  1:07  Queen, Zergling x2  
  19  1:19  Zergling x2  
  20  1:32  Zergling x2  
  21  1:47  Hatchery  
  20  1:54  Queen  
  22  2:15  Overlord  
  19  2:28  Drone x4  
  18  2:43  Drone x2  
  20  2:47  Extractor  
  19  2:54  Zergling x2  
  20  3:00  Queen  
  22  3:11  Drone x3  
  25  3:20  Drone x2  
  27  3:32  Drone  
  28  3:36  Drone x3  
  31  3:44  Roach Warren  
  30  3:54  Pneumatized Carapace  
  30  3:55  Overlord  
  30  4:04  Drone x2  
  30  4:05  Drone  
  33  4:21  Overlord  
  33  4:23  Extractor  
  32  4:29  Roach  
  32  4:30  Roach x2  
  37  4:32  Roach  
  37  4:37  Roach  
  33  4:50  Roach  
  35  5:08  Drone x2  
  35  5:10  Roach  
  35  5:11  Baneling Nest  
  38  5:23  Drone x2  
  40  5:29  Drone  
  40  5:32  Drone  
  40  5:33  Drone x2  
  44  5:42  Overlord  
  44  5:55  Zergling x2  
  45  6:01  Zergling x2  
  45  6:02  Zergling x4  
  48  6:10  Zergling x2  
  49  6:17  Baneling x2  
  49  6:27  Hatchery  
  48  6:38  Ravager  
  45  6:57  Extractor  
  44  7:05  Zergling x6  
  44  7:06  Zergling x10  
  52  7:09  Metabolic Boost  
  52  7:10  Lair  
  52  7:13  Hatchery  
  51  7:25  Baneling x3  
  51  7:31  Baneling x2  
  51  7:49  Baneling x4  
  51  7:50  Baneling  
  50  7:59  Drone x3  
  50  8:01  Overlord x2  
  47  8:34  Spore Crawler  
  47  8:39  Ravager  
  47  8:40  Ravager  
  48  8:45  Spore Crawler  
  48  8:46  Drone  
  48  8:47  Spire  
  47  8:52  Drone x3  
  47  8:53  Drone x5  
  38  8:56  Queen x2  
  42  9:06  Roach x2  
  46  9:11  Zergling x6  
  49  9:23  Roach x2  
  52  9:34  Overlord  
  52  9:35  Overlord  
  51  9:54  Drone x7  
  51  9:56  Extractor  
  57  10:01  Extractor  
  57  10:02  Mutalisk x4, Spore Crawler  
  62  10:33  Mutalisk  
  62  10:34  Mutalisk x3  
  69  10:38  Zergling x14  
  72  11:01  Mutalisk x3  
  78  11:20  Overlord  
  78  11:24  Spine Crawler, Drone x3  
  80  11:29  Hatchery  
  70  11:57  Drone  
  70  11:58  Drone x2  
  70  12:00  Overlord  
  70  12:01  Mutalisk x5  
  73  12:04  Evolution Chamber x2  
  81  12:12  Overlord  
  81  12:13  Overseer  
  81  12:31  Zergling x2  
  81  12:32  Zergling x14, Spore Crawler  
  88  12:47  Zergling x4  
  88  12:48  Roach x2, Zergling x2  
  88  13:11  Roach, Zergling x10  
  94  13:23  Baneling x2  
  94  13:25  Zergling x2  
  94  13:26  Zergling x8  
  99  13:45  Baneling x2  
  99  13:48  Baneling x3  
  97  14:05  Overlord  
  91  14:11  Infestation Pit, Spore Crawler  
  91  14:12  Drone x6  
  95  14:24  Zerg Ground Armor Level 1  
  95  14:26  Hydralisk Den  
  95  14:29  Drone  
  89  15:17  Overlord, Hydralisk, Spore Crawler  
  89  15:18  Roach x3, Hydralisk x5, Spore Crawler  
  89  15:19  Spine Crawler, Roach x3  
  109  15:29  Drone x5  
  114  15:44  Drone x2  
  114  15:47  Spine Crawler  
  114  15:48  Hydralisk x3  
  113  16:14  Hydralisk x8  
  129  16:27  Overlord x3  
  120  16:55  Muscular Augments  
  108  17:08  Spore Crawler x2  
  106  17:10  Mutalisk x5, Spore Crawler  
  106  17:11  Mutalisk x2, Spore Crawler  
  100  17:47  Queen x2  
  100  17:49  Spore Crawler  
  89  18:21  Drone x2  
  89  18:22  Drone  
  89  18:26  Hatchery  
  85  19:02  Drone x3  
Show
View Real Time Build Order
Export as new Build Order

Musumeci Zerg 

Build Orders: Hatch First 

Get SALT Encoding   

  12  0:00  Drone  
  13  0:19  Overlord  
  13  0:24  Drone  
  13  0:27  Drone, Extractor  
  14  0:29  Extractor  
  14  0:31  Drone  
  16  0:42  Drone  
  17  0:57  Hatchery  
  17  1:00  Extractor  
  17  1:01  Drone  
  17  1:14  Spawning Pool  
  17  1:16  Extractor  
  17  1:18  Drone  
  16  1:21  Drone  
  16  1:25  Drone  
  18  1:35  Drone  
  19  1:45  Overlord  
  19  2:02  Spine Crawler  
  19  2:03  Queen  
  19  2:04  Zergling x2  
  21  2:15  Zergling x4  
  18  2:32  Zergling x2  
  18  2:43  Zergling x4  
  20  2:52  Metabolic Boost  
  20  2:56  Zergling x2  
  21  3:03  Overlord  
  21  3:36  Baneling Nest  
  21  3:37  Zergling x8  
  21  3:38  Zergling x2  
  25  3:50  Zergling x4  
  27  3:59  Overlord  
  27  4:18  Zergling x6  
  26  4:42  Zergling x2  
  26  4:43  Zergling x8  
  28  5:00  Drone x3  
  31  5:17  Zergling x6  
  33  5:21  Drone x2  
  35  5:38  Overlord  
  35  5:56  Queen  
  41  5:57  Drone x5  
  41  5:59  Drone  
  43  6:12  Drone  
  43  6:14  Extractor  
  43  6:16  Lair  
  40  6:33  Overlord  
  32  6:49  Zergling x8  
  32  7:11  Drone x6  
  39  7:15  Drone  
  39  7:18  Extractor  
  39  7:22  Drone  
  38  7:34  Zergling x4  
  38  7:46  Zergling x8  
  38  7:47  Spire  
  41  7:54  Baneling  
  41  7:56  Baneling x2  
  41  8:00  Zergling x6  
  31  8:27  Zergling x22  
  36  8:36  Zergling x2  
  36  8:56  Drone x4  
  36  9:00  Mutalisk  
  42  9:04  Mutalisk  
  42  9:06  Overlord x2  
  35  9:41  Mutalisk  
  35  9:42  Mutalisk x2  
  39  9:57  Drone x7  
  46  10:03  Queen  
  46  10:06  Zergling x6  
  45  10:31  Extractor  
  44  10:41  Mutalisk  
  44  10:42  Mutalisk x3  
  48  11:00  Drone x8  
  48  11:01  Drone  
  55  11:06  Zerg Flyer Armor Level 1  
  52  11:19  Mutalisk  
  46  11:47  Overlord x3  
  42  12:00  Mutalisk  
  44  12:07  Zergling x22  
  55  12:10  Spore Crawler  
  55  12:13  Spore Crawler  
  55  12:14  Spore Crawler  
  55  12:15  Mutalisk x2  
  52  12:20  Spore Crawler  
  55  12:28  Queen  
  55  12:29  Drone x5  
  62  12:42  Mutalisk x3  
  57  13:10  Zergling x10  
  59  13:18  Drone  
  59  13:26  Zerg Flyer Weapons Level 1  
  59  13:28  Mutalisk x2  
  59  13:31  Hatchery  
  61  13:48  Baneling x2  
  54  13:56  Mutalisk x5  
  61  14:18  Drone  
  61  14:19  Drone x3  
  61  14:23  Mutalisk  
  67  14:25  Overlord  
  67  14:26  Overlord  
  65  14:44  Mutalisk x3  
  69  15:03  Mutalisk x4  
  69  15:05  Unknown x3  
  77  15:15  Mutalisk x2  
  81  15:22  Mutalisk  
  83  15:44  Hatchery  
  68  16:13  Mutalisk x5  
  78  16:27  Zergling x8, Extractor  
  78  16:31  Extractor  
  80  16:48  Mutalisk x3  
  61  17:09  Evolution Chamber  
  61  17:11  Evolution Chamber  
  61  17:12  Evolution Chamber  
  61  17:23  Mutalisk x3  
  55  18:02  Mutalisk x2  
Tags
 
Add a new tag
Caveats
  • Supply blocks, unpowered buildings, or Contaminate may cause inaccurate times.
  • Supply counts are checked every 10 seconds.